 Dungeon Crawl Stone Soup version 0.22-a0-613-g65b8144 (webtiles) character file.

484 Anandil the Chopper (level 6, -1/47 HPs)
             Began as a Demonspawn Gladiator on July 18, 2018.
             Slain by an iguana (10 damage)
             ... on level 5 of the Dungeon.
             The game lasted 00:07:58 (4278 turns).

Anandil the Chopper (Demonspawn Gladiator)          Turns: 4278, Time: 00:07:59

Health: -1/47      AC:  3    Str: 16    XL:     6   Next: 88%
Magic:  6/6        EV: 13    Int:  9    God:
Gold:   137        SH:  0    Dex: 15    Spells: 5/5 levels left

rFire    . . .     SeeInvis .   a - +0 war axe
rCold    . . .     Gourm    .   (no shield)
rNeg     . . .     Faith    .   b - +0 leather armour
rPois    .         Spirit   .   (helmet restricted)
rElec    .         Reflect  .   (no cloak)
rCorr    .         Harm     .   (no gloves)
MR       .....                  (no boots)
Stlth    +.........             (no amulet)
HPRegen  0.15/turn              (no ring)
MPRegen  0.10/turn              (no ring)

@: no status effects
A: horns 2, demonic guardian 2
a: no special abilities


You were on level 5 of the Dungeon.
You were not hungry.

You visited 1 branch of the dungeon, and saw 5 of its levels.

You collected 137 gold pieces.

Inventory:

Hand Weapons
 a - a +0 war axe (weapon)
Missiles
 d - 3 throwing nets (quivered)
Armour
 b - a +0 leather armour (worn)
 c - a +0 helmet
Jewellery
 l - a +5 ring of dexterity {unknown}
 s - an uncursed amulet of regeneration {unknown}
Scrolls
 e - 2 scrolls of remove curse {unknown}
 h - 4 scrolls of identify {unknown}
 j - 2 scrolls of enchant armour {unknown}
 m - 2 scrolls of fog {unknown}
 n - 2 scrolls of teleportation {unknown}
 q - a scroll of amnesia {unknown}
 r - a scroll of noise {unknown}
 u - a scroll of blinking {unknown}
 v - a scroll of random uselessness {unknown}
Potions
 g - a potion of magic {unknown}
 i - 3 potions of haste {unknown}
 k - 2 potions of mutation {unknown}
 o - 3 potions of agility {unknown}
 p - a potion of lignification {unknown}
 t - a potion of curing {unknown}
Comestibles
 f - 4 rations
 w - 2 chunks of flesh


   Skills:
 - Level 3.4 Fighting
 + Level 5.0 Axes
 - Level 1.7 Throwing
 + Level 4.0 Armour
 - Level 2.6 Dodging


You had 5 spell levels left.
You didn't know any spells.
Your spell library was empty.

Dungeon Overview and Level Annotations

Branches:
Dungeon (5/15)
 Temple: D:4-7

Altars:
Dithmenos

Annotations:
D:5 Grinder


Innate Abilities, Weirdness & Mutations

You have a pair of horns on your head.
A demonic guardian rushes to your aid.


Message History

There is a stone staircase leading up, spattered with blood here.
You slash the jackal!
You kill the jackal!
You hit the jackal but do no damage. You hit the iguana. The iguana bites you.
The jackal bites you but does no damage.
The jackal closely misses you. The iguana bites you!
You barely miss the jackal. You hit the iguana.
You hit the jackal but do no damage. The jackal closely misses you.
The jackal misses you. The jackal bites you. The iguana barely misses you.
The jackal barely misses you.
You slash the jackal!
You kill the jackal!
You hit the iguana but do no damage. You hit the jackal. The jackal misses you.
The iguana bites you! The jackal completely misses you. The iguana bites you!
* * * LOW HITPOINT WARNING * * *
The jackal bites you but does no damage.
You see here a jackal corpse.
The iguana bites you!
You die...

. ............ .
...........###
............ .. ..
.....##.#..## ..
#. .##.#.. ......
...... #.#.#. #
###.... ..... >#
.......###.#.#..#
.......#@#.#.#..##
.......l†h........
#+#....#.#3..#..##
..................
..#..#.#.#......#
. #...............
##.#.#.#....Y...
#.#.#.#...#..## #
#.#.#...#.... .. .


You could see a yak, an iguana, a jackal and a friendly smoke demon.

Vanquished Creatures
  An ogre (D:4)
  A howler monkey (D:4)
  2 hounds (D:4)
  A worker ant (D:4)
  3 adders
  An ooze (D:4)
  An adder zombie (D:5)
  A leopard gecko (D:2)
  2 orcs
  2 giant cockroaches
  2 hobgoblins (D:1)
  5 jackals
  A ball python (D:1)
  A ball python skeleton (D:4)
  3 frilled lizards
  5 goblins
  3 kobolds
  A quokka skeleton (D:4)
  3 rats
39 creatures vanquished.

Vanquished Creatures (collateral kills)
  A yak (D:4)
  The ghost of dawnmantle the Skirmisher, an amateur DsAK of Lugonu (D:4)
  The ghost of Diojeanne the Vexing, an amateur GnAM (D:3)
  A centaur (D:4)
  An orc priest (D:5)
  An orc wizard (D:5)
  A worker ant (D:5)
  An adder (D:4)
  3 orcs (D:5)
  A hobgoblin (D:3)
12 creatures vanquished.

Grand Total: 51 creatures vanquished

Notes
Turn   | Place    | Note
-------+----------+-------------------------------------------
     0 | D:1      | Anandil the Demonspawn Gladiator began the quest for the Orb.
     0 | D:1      | Reached XP level 1. HP: 16/16 MP: 1/1
   468 | D:1      | Gained mutation: A weak demonic guardian rushes to your aid. [demonic ancestry]
   468 | D:1      | Reached XP level 2. HP: 13/22 MP: 2/2
  1281 | D:2      | Reached skill level 3 in Axes
  1406 | D:2      | Reached skill level 1 in Armour
  1571 | D:2      | Found a shadowy altar of Dithmenos.
  2000 | D:3      | Gained mutation: A demonic guardian rushes to your aid. [demonic ancestry]
  2000 | D:3      | Reached XP level 3. HP: 19/28 MP: 3/3
  2146 | D:3      | Noticed Diojeanne's ghost (amateur GnAM)
  2150 | D:3      | Killed Diojeanne's ghost
  2150 | D:3      | Gained mutation: You have a pair of small horns on your head. [demonic ancestry]
  2150 | D:3      | Reached XP level 4. HP: 35/35 MP: 4/4
  2577 | D:4      | Noticed an ogre
  2585 | D:4      | Killed an ogre
  2585 | D:4      | Reached XP level 5. HP: 41/41 MP: 5/5
  2664 | D:4      | Reached skill level 4 in Axes
  2833 | D:4      | Noticed a centaur
  2842 | D:4      | Killed a centaur
  3002 | D:4      | Gained mutation: You have a pair of horns on your head. [demonic ancestry]
  3002 | D:4      | Reached XP level 6. HP: 41/47 MP: 6/6
  3128 | D:4      | Noticed dawnmantle's ghost (amateur DsAK)
  3132 | D:4      | Killed dawnmantle's ghost
  3871 | D:5      | Entered Level 5 of the Dungeon
  3887 | D:5      | Noticed Grinder
  4192 | D:5      | Noticed a yak
  4192 | D:5      | Noticed a yak
  4192 | D:5      | Noticed a yak
  4211 | D:4      | Killed a yak
  4211 | D:4      | Reached skill level 5 in Axes
  4278 | D:5      | Slain by an iguana

Vault maps used:
D:1:      matt_arrival_diagonals
D:2:      nicolae_overflow_hidden_temple, feat_on_display
D:5:      minmay_temple_entry_fiery, first_ration, uniq_duvessa, uniq_grinder

Skill      XL: |  1  2  3  4  5  6 |
---------------+-------------------+-----
Axes           | 3 4 5 |  5.0
Armour         | 1 2 3 4 |  4.0
Fighting       | 3 |  3.4
Throwing       | |  1.7
Dodging        | |  2.6

Action                   |  1- 3 |  4- 6 || total
-------------------------+-------+-------++-------
Melee: War axe           |    47 |    51 ||    98
       Headbutt          |       |    13 ||    13
  Eat: Chunk             |     4 |     6 ||    10
Armor: Leather armour    |    14 |    18 ||    32
Dodge: Dodged            |    37 |    50 ||    87

Table legend:
 A = Spawn XP
 B = Non-spawn XP
 C = Spawn XP percentage of total XP
 D = Spawn monster count
 E = Non-spawn monster count
 F = Spawn count percentage of total count
 G = Total turns spent on level
                    A         B        C        D         E        F      G
               +---------+---------+-------+---------+---------+-------+---------
         Total |       0 |     692 |   0.0 |       0 |      51 |   0.0 |  4278
               +---------+---------+-------+---------+---------+-------+---------
           D:1 |       0 |      19 |   0.0 |       0 |      13 |   0.0 |  1222
           D:2 |       0 |      19 |   0.0 |       0 |       3 |   0.0 |   775
           D:3 |       0 |      83 |   0.0 |       0 |      10 |   0.0 |   485
           D:4 |       0 |     496 |   0.0 |       0 |      15 |   0.0 |  1751
           D:5 |       0 |      75 |   0.0 |       0 |      10 |   0.0 |    45
               +---------+---------+-------+---------+---------+-------+---------
